 Dungeon Crawl Stone Soup version 0.30-a0-377-g5cb311bc9f (webtiles) character file.

Game seed: 13185397675171215699

326 qeuew the Shield-Bearer (level 6, -3/48 (49) HPs)
             Began as a Formicid Fighter on Nov 30, 2022.
             Slain by a kobold brigand
             ... wielding a +2 whip of draining
              (11 damage)
             ... on level 3 of the Dungeon.
             The game lasted 00:02:06 (2121 turns).

qeuew the Shield-Bearer (Formicid Fighter)          Turns: 2121, Time: 00:02:06

HP:   -3/48 (49)    AC:  0    Str: 23    XL:     6   Next: 79%
MP:   6/6           EV: 19    Int:  7    God:
Gold: 162           SH:  0    Dex: 18    Spells: 5/5 levels left

rFire   . . .      SeeInvis .    (weapon currently unavailable)
rCold   . . .      Faith    .    (shield currently unavailable)
rNeg    . . .      Spirit   .    (body armour currently unavailable)
rPois   .          Reflect  .    (helmet unavailable)
rElec   .          Harm     .    (cloak currently unavailable)
rCorr   .          Rampage  .    (gloves currently unavailable)
Will    .....                    (boots currently unavailable)
Stlth   ++........               (no amulet)
HPRegen 0.28/turn                (ring currently unavailable)
MPRegen 0.10/turn                (ring currently unavailable)

@: bat-form, flying, lightly drained, very quick
A: fast, flying, no casting, permanent stasis, dig shafts and tunnels, tiny,
(antennae 3), four strong arms
a: no special abilities


You were on level 3 of the Dungeon.
You were a bat.
You visited 1 branch of the dungeon, and saw 3 of its levels.

You collected 162 gold pieces.

Inventory:

Hand Weapons
 a - a +0 war axe (melded)
Armour
 b - a +0 scale mail (melded)
 c - a +0 buckler (melded)
Jewellery
 h - a +6 ring of strength (melded)
Scrolls
 f - 2 scrolls of identify
 g - 2 scrolls of amnesia
 i - a scroll of enchant weapon {unknown}
 m - 3 scrolls of enchant armour {unknown}
Potions
 d - a potion of might
 e - 2 potions of curing
 j - a potion of magic {unknown}
 k - 2 potions of mutation {unknown}
 l - a potion of lignification {unknown}
 n - a potion of heal wounds {unknown}
 o - a potion of brilliance


   Skills:
 + Level 4.5 Fighting
 + Level 3.4 Axes
 + Level 4.4 Armour
 + Level 2.3 Dodging
 + Level 5.5 Shields


You had 5 spell levels left.
You didn't know any spells.
Your spell library contained the following spells:

 Spells                   Type           Power      Damage    Failure   Level
 Kiss of Death            Conj/Necr      0%         2d5       43%         1
 Confusing Touch          Hex            0%         N/A       80%         3
 Dazzling Flash           Conj/Hex       0%         N/A       80%         3
 Dispel Undead            Necr           0%         3d6       99%         4
 Iskenderun's Mystic Bla  Conj/Tloc      0%         2d3       99%         4
 Starburst                Conj/Fire      0%         6d3       100%        6


Dungeon Overview and Level Annotations

Branches:
Dungeon (3/15)

Altars:
Kikubaaqudgha

Annotations:
D:3 KennySheep's ghost, weakling DgHu


Innate Abilities, Weirdness & Mutations

You are a bat.
You are tiny and dextrous.
You move quickly.
You are flying.
Your equipment is almost entirely melded.
You are incapable of wielding weapons or throwing items.
You cannot cast spells.
You cannot be hasted, slowed, berserked, paralysed or teleported.
You can dig through walls and to a lower floor.
((You have a pair of large antennae on your head. (SInv)))
Your four strong arms can wield two-handed weapons with a shield.


Message History

You closely miss the kobold. x2; You block the kobold's attack.
The kobold hits you but does no damage. You block KennySheep's ghost's attack.
You slash the kobold brigand!
The kobold brigand is heavily wounded.
You barely miss the kobold. You miss KennySheep's ghost.
The kobold hits you with a +0 short sword.
KennySheep's ghost hits you. You block the kobold's attack.
KennySheep's ghost hits you but does no damage.
The kobold hits you but does no damage.
The kobold zaps a wand.
You turn into a bat.
Your +0 war axe melds into your body.
Your +0 buckler melds into your body.
Your +0 scale mail melds into your body.
Your +6 ring of strength melds into your body.
You feel weaker. The kobold brigand barely misses you.
There is an open translucent gate, spattered with blood here.
You barely miss the kobold.
The kobold hits you with a +1 dagger of chaos.
The kobold hits you with a +0 short sword.
KennySheep's ghost misses you. The kobold barely misses you.
The kobold completely misses you.
The kobold brigand hits you with a +2 whip of draining.
You feel drained. The kobold barely misses you.
You hit the kobold but do no damage.
The kobold hits you with a +1 dagger of chaos.
The kobold burns you. The kobold misses you. KennySheep's ghost hits you!
The kobold hits you with a +0 club. The kobold barely misses you.
The kobold brigand closely misses you. The kobold misses you.
You hit the kobold.
The kobold is moderately wounded.
The kobold completely misses you.
The kobold hits you with a +0 short sword.
KennySheep's ghost hits you.
* * * LOW HITPOINT WARNING * * *
The kobold hits you with a +0 club.
* * * LOW HITPOINT WARNING * * *
The kobold closely misses you.
The kobold brigand hits you with a +2 whip of draining!
You die...

##.###....#.####.#####..)#.#####
##.# ##.............##)).......#
##.## #..##......##.##.)##.###.#
#...###..##########.#...##.# #.##
..#......# #####..#<..#.# #...
#...###.## #..#####..#..# ####
##.## #.# #.##.8.##..#.# ...# #.#
#K#K....####.# #..# #.#
###KbK###..# #.# ...# #.###
#..KWK....!###.###### #.## #...#
#.#.K.###.$#......... #.#
#.#.###.#.#...W.##.....#### #.#
#.........##.8.######..# ## #.#
###.#####[.##########..###. #.#
##.##....###.#............
#.######........###.#.#####......
................)##.#.# ####.....


You could see a kobold brigand, KennySheep's ghost and 6 kobolds.

Vanquished Creatures
  Sigmund (D:2)
  An orc wizard (D:3)
  4 gnolls (D:3)
  4 adders
  3 dart slugs
  3 orcs (D:3)
  5 ball pythons
  8 bats
  3 endoplasms
  3 giant cockroaches
  5 goblins
  6 hobgoblins
  3 jackals (D:2)
  4 quokkas
  A frilled lizard (D:3)
  5 kobolds
  4 rats
63 creatures vanquished.

Vanquished Creatures (others)
  2 fungi (D:3)
  2 plants (D:3)
4 creatures vanquished.

Grand Total: 67 creatures vanquished

Notes
Turn   | Place    | Note
-------+----------+-------------------------------------------
     0 | D:1      | qeuew the Formicid Fighter began the quest for the Orb.
     0 | D:1      | Reached XP level 1. HP: 18/18 MP: 1/1
    78 | D:1      | Found a faded altar of an unknown god.
   112 | D:1      | Reached XP level 2. HP: 21/24 MP: 2/2
   419 | D:1      | Reached XP level 3. HP: 29/29 MP: 3/3
   926 | D:2      | Reached skill level 1 in Dodging
   983 | D:2      | Noticed Sigmund
   992 | D:2      | Killed Sigmund
   993 | D:2      | Reached skill level 5 in Shields
   993 | D:2      | Reached XP level 4. HP: 25/37 MP: 4/4
   993 | D:2      | Reached XP level 5. HP: 29/42 MP: 5/5
   993 | D:2      | Reached XP level 6. HP: 33/48 MP: 6/6
  1508 | D:3      | Found an ancient bone altar of Kikubaaqudgha.
  1589 | D:3      | Found a runed translucent gate.
  1589 | D:3      | Noticed KennySheep's ghost (weakling DgHu)
  1590 | D:3      | Found a runed translucent gate.
  1590 | D:3      | Found a runed translucent gate.
  2121 | D:3      | Slain by a kobold brigand

Illustrated notes

Levels and vault maps discovered:
D:1:      wander_arrival_peaceful_grave, layout_basic,
          hellmonk_ecumenical_altar_blasted
D:2:      layout_rooms, dreamdust_princess_bridge, uniq_sigmund
D:3:      layout_loops_ring, mainiacjoe_overflow_chevrons,
          gammafunk_ghost_nasty_kobolds, hex_large

Skill      XL: |  1  2  3  4  5  6 |
---------------+-------------------+-----
Dodging        | 1 2 |  2.3
Fighting       | 4 |  4.5
Axes           | 3 |  3.4
Armour         | 4 |  4.4
Shields        | 5 |  5.5

Action                   |  1- 3 |  4- 6 || total
-------------------------+-------+-------++-------
Melee: War axe           |    66 |    88 ||   154
       Unarmed           |       |     3 ||     3
  Use: Scroll            |     1 |     6 ||     7
       Potion            |     1 |       ||     1
Armor: Scale mail        |    40 |    42 ||    82
Dodge: Dodged            |    32 |    57 ||    89
Block: Buckler           |    15 |    32 ||    47

Table legend: (Time is in decaauts)
 A = Elapsed time spent in this place.
 B = Non-inter-level travel time spent in this place.
 C = Inter-level travel time spent in this place.
 D = Time resting spent in this place.
 E = Time spent auto-exploring this place.
 F = Levels seen in this place.
 G = Mean time per level.
                   A        B        C        D        E       F      G
               +--------+--------+--------+--------+--------+-----+--------+
         Total |   2181 |   2120 |     61 |      0 |   1667 |   3 |  727.0 |
       Dungeon |   2181 |   2120 |     61 |      0 |   1667 |   3 |  727.0 |
               +--------+--------+--------+--------+--------+-----+--------+

Top non-repeatable levels by time:
     D:1: 831 daAuts
     D:3: 712 daAuts
     D:2: 637 daAuts
